PCL
SPOKANE TRAPPERS @ REDWOOD CITY REDWOODS
09/03/2023
 
TOP OF THE 1ST
Spokane Trappers batting - Pitching for Redwood City Redwoods : RHP Manuel Mora
Pitching: RHP Manuel Mora
Batting: LHB Keith Browne 0-0: Swinging Strike
0-1: Ground out 3-1 (Groundball, 34)
Batting: RHB Hyo-sang Yu 0-0: Foul Ball, location: 2F
0-1: Foul Ball, location: 2F
0-2: Ball
1-2: Ball
2-2: Strikes out swinging
Batting: LHB Juan Cortés 0-0: Ball
1-0: Ball
2-0: Ball
3-0: Base on Balls
Batting: RHB Ernesto Acosta 0-0: Ball
Juan Cortés steals 2nd base
1-0: Ball
2-0: Called Strike
2-1: Ball
3-1: Base on Balls
Batting: RHB Clyde Kelley 0-0: Swinging Strike
0-1: Ball
1-1: Called Strike
1-2: Strikes out swinging
Top of the 1st over - 0 run(s), 0 hit(s), 0 error(s), 2 left on base; Spokane 0 - Redwood City 0
BOTTOM OF THE 1ST
Redwood City Redwoods batting - Pitching for Spokane Trappers : RHP Tomás Molina
Pitching: RHP Tomás Molina
Batting: RHB Edgardo Gonzáles 0-0: Ground out 5-3 (Groundball, 5S)
Batting: LHB Eduardo Alomar 0-0: Ball
1-0: Fly out, F6 (Line Drive, 6)
Batting: LHB Tom Waller 0-0: Called Strike
0-1: Called Strike
0-2: Foul Ball, location: 2F
0-2: Ball
1-2: SOLO HOME RUN (Flyball, 9LD), Distance : 324 ft
Batting: LHB Patrick Bright 0-0: Ball
1-0: Called Strike
1-1: Ball
2-1: Ball
3-1: Ground out 1-3 (Groundball, 13S)
Bottom of the 1st over - 1 run(s), 1 hit(s), 0 error(s), 0 left on base; Spokane 0 - Redwood City 1
TOP OF THE 2ND
Spokane Trappers batting - Pitching for Redwood City Redwoods : RHP Manuel Mora
Batting: RHB Mario Hernández 0-0: Ground out 4-3 (Groundball, 34)
Batting: RHB Toru Nakanishi 0-0: Called Strike
0-1: Ball
1-1: Ground out U3 (Groundball, 3)
Batting: LHB Pete Carter 0-0: Foul Ball, location: 2F
0-1: Ball
1-1: Foul Ball, location: 2F
1-2: Ball
2-2: Foul Ball, location: 2F
2-2: Strikes out swinging
Top of the 2nd over - 0 run(s), 0 hit(s), 0 error(s), 0 left on base; Spokane 0 - Redwood City 1
BOTTOM OF THE 2ND
Redwood City Redwoods batting - Pitching for Spokane Trappers : RHP Tomás Molina
Batting: LHB Tony Warrilow 0-0: Ball
1-0: Ball
2-0: Called Strike
2-1: Foul Ball, location: 2F
2-2: Ground out U3 (Groundball, 3L)
Batting: RHB Anastasio García 0-0: Swinging Strike
0-1: Swinging Strike
0-2: Strikes out swinging
Batting: SHB Jaime Manuel 0-0: Swinging Strike
0-1: Ball
1-1: Called Strike
1-2: Strikes out swinging
Bottom of the 2nd over - 0 run(s), 0 hit(s), 0 error(s), 0 left on base; Spokane 0 - Redwood City 1
TOP OF THE 3RD
Spokane Trappers batting - Pitching for Redwood City Redwoods : RHP Manuel Mora
Batting: LHB José Feliciano 0-0: Ball
1-0: Foul Ball, location: 2F
1-1: Foul Ball, location: 2F
1-2: Foul Ball, location: 2F
1-2: Ball
2-2: SINGLE (Groundball, 5D)
Batting: LHB Keith Browne 0-0: Foul Ball, location: 2F
0-1: Fly out, F7 (Flyball, 78M)
Batting: RHB Hyo-sang Yu 0-0: Ball
1-0: Called Strike
1-1: Ball
2-1: SINGLE (Line Drive, 34D)
José Feliciano to second
Batting: LHB Juan Cortés 0-0: Ball
1-0: Ball
2-0: Ball
3-0: Foul Ball, location: 2F
3-1: Called Strike
3-2: Foul Ball, location: 2F
3-2: Base on Balls
José Feliciano to third
Hyo-sang Yu to second
Batting: RHB Ernesto Acosta 0-0: Called Strike
0-1: SINGLE (Groundball, 56D)
José Feliciano scores
Hyo-sang Yu to third
Juan Cortés to second
Batting: RHB Clyde Kelley 0-0: Ball
1-0: Ball
2-0: Called Strike
2-1: Swinging Strike
2-2: Foul Ball, location: 2F
2-2: Foul Ball, location: 2F
2-2: Ball
3-2: Strikes out swinging
Batting: RHB Mario Hernández 0-0: Called Strike
0-1: Foul Ball, location: 2F
0-2: Foul Ball, location: 2F
0-2: SINGLE (Line Drive, 7S)
Hyo-sang Yu scores
Juan Cortés to third
Ernesto Acosta to second
Runner from 3rd tries for Home, SAFE, no throw or cutoff
Batting: RHB Toru Nakanishi 0-0: Ball
1-0: Called Strike
1-1: Ball
2-1: Foul Ball, location: 2F
2-2: Strikes out swinging
Top of the 3rd over - 3 run(s), 4 hit(s), 0 error(s), 2 left on base; Spokane 3 - Redwood City 1
BOTTOM OF THE 3RD
Redwood City Redwoods batting - Pitching for Spokane Trappers : RHP Tomás Molina
Batting: LHB Juan Hernández 0-0: Called Strike
0-1: Ball
1-1: Foul Ball, location: 2F
1-2: SINGLE (Line Drive, 6MD)
Batting: RHB Dan Martin 0-0: Called Strike
0-1: Ball
1-1: Foul Ball, location: 2F
1-2: Ball
2-2: Ball
Juan Hernández is caught stealing 2nd base
3-2: Strikes out looking
Batting: RHB Edgardo Gonzáles 0-0: Ground out 5-3 (Groundball, 56)
Bottom of the 3rd over - 0 run(s), 1 hit(s), 0 error(s), 0 left on base; Spokane 3 - Redwood City 1
TOP OF THE 4TH
Spokane Trappers batting - Pitching for Redwood City Redwoods : RHP Manuel Mora
Batting: LHB Pete Carter 0-0: Ground out U3 (Groundball, 3S)
Batting: LHB José Feliciano 0-0: Ball
1-0: Called Strike
1-1: Fly out, F7 (Flyball, 78D)
Batting: LHB Keith Browne 0-0: Swinging Strike
0-1: Ball
1-1: Called Strike
1-2: Foul Ball, location: 2F
1-2: Strikes out swinging
Top of the 4th over - 0 run(s), 0 hit(s), 0 error(s), 0 left on base; Spokane 3 - Redwood City 1
BOTTOM OF THE 4TH
Redwood City Redwoods batting - Pitching for Spokane Trappers : RHP Tomás Molina
Batting: LHB Eduardo Alomar 0-0: Ball
1-0: Ball
2-0: Ball
3-0: Called Strike
3-1: Foul Ball, location: 2F
3-2: Base on Balls
Batting: LHB Tom Waller 0-0: Called Strike
Eduardo Alomar steals 2nd base
0-1: Ball
1-1: Ball
2-1: DOUBLE (Flyball, 9LS)
Eduardo Alomar scores
Batting: LHB Patrick Bright 0-0: Foul Ball, location: 2F
0-1: Called Strike
0-2: Ball
1-2: Foul Ball, location: 2F
1-2: Strikes out swinging
Batting: LHB Tony Warrilow 0-0: Called Strike
0-1: Ball
1-1: Foul Ball, location: 2F
1-2: Ball
2-2: Ball
3-2: Foul Ball, location: 2F
3-2: Foul Ball, location: 2F
3-2: Base on Balls
Batting: RHB Anastasio García 0-0: Ball
1-0: Swinging Strike
1-1: Ball
2-1: Ball
3-1: Base on Balls
Tom Waller to third
Tony Warrilow to second
Batting: SHB Jaime Manuel 0-0: Ball
1-0: Ball
2-0: Called Strike
2-1: Foul Ball, location: 2F
2-2: Foul Ball, location: 2F
2-2: Fly out, F4 (Line Drive, 4)
Batting: LHB Juan Hernández 0-0: Ball
1-0: Foul Ball, location: 2F
1-1: Ball
2-1: Ball
3-1: Fly out, F7 (Flyball, 7M)
Bottom of the 4th over - 1 run(s), 1 hit(s), 0 error(s), 3 left on base; Spokane 3 - Redwood City 2
TOP OF THE 5TH
Spokane Trappers batting - Pitching for Redwood City Redwoods : RHP Manuel Mora
Batting: RHB Hyo-sang Yu 0-0: Called Strike
0-1: Called Strike
0-2: Reached on error, E6 (Groundball, 6)
Batting: LHB Juan Cortés 0-0: Called Strike
0-1: Foul Ball, location: 2F
0-2: Ball
1-2: Strikes out swinging
Batting: RHB Ernesto Acosta 0-0: SINGLE (Groundball, 6MS)
Hyo-sang Yu to second
Runner from 2nd tries for 3rd, SAFE, throw made to third
Ernesto Acosta to second
Batting: RHB Clyde Kelley 0-0: Swinging Strike
0-1: Called Strike
0-2: Ball
1-2: Strikes out swinging
Batting: RHB Mario Hernández 0-0: SINGLE (Line Drive, 89S)
Hyo-sang Yu scores
Ernesto Acosta to third
Runner from 3rd tries for Home, SAFE, no throw or cutoff
Batting: RHB Toru Nakanishi 0-0: Foul Ball, location: 2F
0-1: DOUBLE (Flyball, 78D)
Mario Hernández to third
Batting: LHB Pete Carter 0-0: Fly out, F7 (Flyball, 7M)
Top of the 5th over - 2 run(s), 3 hit(s), 1 error(s), 2 left on base; Spokane 5 - Redwood City 2
BOTTOM OF THE 5TH
Redwood City Redwoods batting - Pitching for Spokane Trappers : RHP Tomás Molina
Batting: RHB Dan Martin 0-0: Ball
1-0: Ground out 1-3 (Groundball, 13S)
Batting: RHB Edgardo Gonzáles 0-0: Ball
1-0: Called Strike
1-1: Ball
2-1: SINGLE (Line Drive, 56D)
Batting: LHB Eduardo Alomar 0-0: Swinging Strike
0-1: Ball
Edgardo Gonzáles steals 2nd base
1-1: Ball
2-1: Swinging Strike
2-2: Ball
3-2: Foul Ball, location: 2F
3-2: Base on Balls
Batting: LHB Tom Waller 0-0: Fly out, F6 (Popup, 56D)
Batting: LHB Patrick Bright 0-0: Ball
1-0: Foul Ball, location: 2F
1-1: 3-RUN HOME RUN (Flyball, 89XD), Distance : 403 ft
Batting: LHB Tony Warrilow 0-0: Ball
1-0: Foul Ball, location: 2F
1-1: DOUBLE (Line Drive, 9D)
Batting: RHB Anastasio García 0-0: Ball
1-0: SINGLE (Groundball, 15S) (infield hit)
Tony Warrilow to third
Batting: SHB Jaime Manuel 0-0: SINGLE (Line Drive, 4)
Tony Warrilow scores
Anastasio García to second
Batting: LHB Juan Hernández 0-0: Called Strike
0-1: Called Strike
0-2: Ball
1-2: Ball
2-2: Ball
3-2: Fly out, F4 (Popup, 4)
Bottom of the 5th over - 4 run(s), 5 hit(s), 0 error(s), 2 left on base; Spokane 5 - Redwood City 6
TOP OF THE 6TH
Spokane Trappers batting - Pitching for Redwood City Redwoods : RHP Manuel Mora
Batting: LHB José Feliciano 0-0: Foul Ball, location: 2F
0-1: SINGLE (Line Drive, 34D)
Batting: LHB Keith Browne 0-0: Ball
1-0: SINGLE (Line Drive, 6M)
José Feliciano to second
Batting: RHB Hyo-sang Yu 0-0: Called Strike
0-1: Foul Ball, location: 2F
0-2: Fly out, F6 (Line Drive, 6)
Pitching: LHP Haywood Brown
Batting: LHB Juan Cortés 0-0: Swinging Strike
0-1: Swinging Strike
0-2: Ball
1-2: Ball
2-2: Foul Ball, location: 2F
2-2: Ball
3-2: Fly out, F5 (Line Drive, 56S)
Pitching: RHP Carl Murgatroyd
Batting: RHB Ernesto Acosta 0-0: Ball
1-0: Called Strike
1-1: Fielders Choice at 2nd, U4 (Groundball, 4M)
Top of the 6th over - 0 run(s), 2 hit(s), 0 error(s), 2 left on base; Spokane 5 - Redwood City 6
BOTTOM OF THE 6TH
Redwood City Redwoods batting - Pitching for Spokane Trappers : RHP Tomás Molina
Pitching: RHP Ching-wei Zi
Batting: RHB Dan Martin 0-0: Ball
1-0: Foul Ball, location: 2F
1-1: Foul Ball, location: 2F
1-2: Ground out 6-3 (Groundball, 6)
Batting: RHB Edgardo Gonzáles 0-0: Ball
1-0: Foul Ball, location: 2F
1-1: Ball
2-1: Ball
3-1: Base on Balls
Batting: LHB Eduardo Alomar 0-0: Ball
Edgardo Gonzáles is caught stealing 2nd base
1-0: Ball
2-0: Ball
3-0: Called Strike
3-1: Base on Balls
Batting: LHB Tom Waller 0-0: Ball
1-0: Foul Ball, location: 2F
1-1: Called Strike
1-2: Foul Ball, location: 2F
1-2: Ball
2-2: Foul Ball, location: 2F
2-2: Ball
3-2: Base on Balls
Eduardo Alomar to second
Batting: LHB Patrick Bright 0-0: Foul Ball, location: 2F
0-1: Ball
1-1: Called Strike
1-2: Foul Ball, location: 2F
1-2: Fly out, F7 (Line Drive, 7M)
Bottom of the 6th over - 0 run(s), 0 hit(s), 0 error(s), 2 left on base; Spokane 5 - Redwood City 6
TOP OF THE 7TH
Spokane Trappers batting - Pitching for Redwood City Redwoods : RHP Carl Murgatroyd
Batting: RHB Clyde Kelley 0-0: Called Strike
0-1: Ball
1-1: Swinging Strike
1-2: Ball
2-2: Foul Ball, location: 2F
2-2: Foul Ball, location: 2F
2-2: Foul Ball, location: 2F
2-2: SOLO HOME RUN (Flyball, 8LXD), Distance : 434 ft
Batting: RHB Mario Hernández 0-0: Ball
1-0: DOUBLE (Flyball, 9LD)
Batting: RHB Toru Nakanishi 0-0: Hit by Pitch
Pinch Runner at 2nd Henry Leroux:
Batting: LHB Pete Carter 0-0: Bunt missed!
0-1: Sac Bunt - play at first, batter safe!
Henry Leroux to third
Toru Nakanishi to second
Batting: LHB José Feliciano 0-0: Ball
1-0: Foul Ball, location: 2F
1-1: SINGLE (Groundball, 6M)
Henry Leroux scores
Toru Nakanishi to third
Pete Carter to second
Runner from 3rd tries for Home, SAFE, throw made home
Pitching: RHP Jim Williams
Batting: LHB Keith Browne 0-0: Bunted foul
0-1: Bunted foul
0-2: Foul Ball, location: 2F
0-2: Fielders Choice at 3rd, U5 (Groundball, 5L)
José Feliciano to second
Batting: RHB Hyo-sang Yu 0-0: Foul Ball, location: 2F
0-1: Fly out, F7 (Line Drive, 7M)
Batting: LHB Juan Cortés 0-0: Foul Ball, location: 2F
0-1: Ball
1-1: Ball
2-1: Foul Ball, location: 2F
2-2: Ball
3-2: Base on Balls
José Feliciano to third
Keith Browne to second
Batting: RHB Ernesto Acosta 0-0: Swinging Strike
0-1: Ball
1-1: Ball
2-1: Ground out 5-3 (Groundball, 56)
Top of the 7th over - 3 run(s), 4 hit(s), 0 error(s), 3 left on base; Spokane 8 - Redwood City 6
BOTTOM OF THE 7TH
Redwood City Redwoods batting - Pitching for Spokane Trappers : RHP Ching-wei Zi
Now at 3B: Todd Rockburn
Batting: LHB Tony Warrilow 0-0: Ground out 1-3 (Groundball, 15)
Pitching: LHP Miguel Martínez
Batting: RHB Anastasio García 0-0: Called Strike
0-1: Foul Ball, location: 2F
0-2: Strikes out swinging
Batting: SHB Jaime Manuel 0-0: Called Strike
0-1: Foul Ball, location: 2F
0-2: Ball
1-2: Foul Ball, location: 2F
1-2: Strikes out looking
Bottom of the 7th over - 0 run(s), 0 hit(s), 0 error(s), 0 left on base; Spokane 8 - Redwood City 6
TOP OF THE 8TH
Spokane Trappers batting - Pitching for Redwood City Redwoods : RHP Jim Williams
Batting: RHB Clyde Kelley 0-0: Called Strike
0-1: Fly out, F3 (Popup, 3SF)
Batting: RHB Todd Rockburn 0-0: Ball
1-0: Ball
2-0: Ball
3-0: Called Strike
3-1: Base on Balls
Batting: RHB Toru Nakanishi 0-0: Ball
1-0: Fly out, F5 (Line Drive, 56)
Batting: LHB Pete Carter 0-0: SINGLE (Groundball, 34)
Todd Rockburn to second
Runner from 2nd tries for 3rd, SAFE, no throw or cutoff
Batting: LHB José Feliciano 0-0: Ball
1-0: Ball
2-0: Called Strike
2-1: Called Strike
2-2: Ball
3-2: Base on Balls
Pete Carter to second
Batting: LHB Keith Browne 0-0: Called Strike
0-1: Ball
1-1: Ball
2-1: Fly out, F6 (Line Drive, 6)
Top of the 8th over - 0 run(s), 1 hit(s), 0 error(s), 3 left on base; Spokane 8 - Redwood City 6
BOTTOM OF THE 8TH
Redwood City Redwoods batting - Pitching for Spokane Trappers : LHP Miguel Martínez
Batting: LHB Juan Hernández 0-0: Foul Ball, location: 2F
0-1: Ball
1-1: Fly out, F9 (Flyball, 9LM)
Batting: RHB Dan Martin 0-0: DOUBLE (Groundball, 5L)
Pitching: LHP Júlio Hernández
Batting: RHB Edgardo Gonzáles 0-0: Called Strike
0-1: Ground out 6-3 (Groundball, 6)
Batting: LHB Eduardo Alomar 0-0: Called Strike
0-1: Ball
1-1: Fly out, F9 (Flyball, 9S)
Bottom of the 8th over - 0 run(s), 1 hit(s), 0 error(s), 1 left on base; Spokane 8 - Redwood City 6
TOP OF THE 9TH
Spokane Trappers batting - Pitching for Redwood City Redwoods : RHP Jim Williams
Pitching: RHP Willie McMillan
Batting: RHB Hyo-sang Yu 0-0: Called Strike
0-1: Ball
1-1: Swinging Strike
1-2: Fly out, F8 (Flyball, 89D)
Batting: LHB Juan Cortés 0-0: Called Strike
0-1: Fly out, F8 (Flyball, 8LXD)
Batting: RHB Ernesto Acosta 0-0: Called Strike
0-1: Fly out, F8 (Flyball, 8RD)
Top of the 9th over - 0 run(s), 0 hit(s), 0 error(s), 0 left on base; Spokane 8 - Redwood City 6
BOTTOM OF THE 9TH
Redwood City Redwoods batting - Pitching for Spokane Trappers : LHP Júlio Hernández
Pitching: RHP José Ortíz
Batting: LHB Tom Waller 0-0: Ball
1-0: SINGLE (Groundball, 34D)
Batting: LHB Patrick Bright 0-0: Ball
1-0: Foul Ball, location: 2F
1-1: Called Strike
1-2: Strikes out looking
Batting: LHB Tony Warrilow 0-0: Called Strike
0-1: Ball
1-1: Grounds into double play, 4-6-3 (Groundball, 4)
Bottom of the 9th over - 0 run(s), 1 hit(s), 0 error(s), 0 left on base; Spokane 8 - Redwood City 6
This league is powered by Out of the Park Baseball, the baseball management simulation game for PC, Mac and Linux
Wednesday, December 2nd, 2015 - OOTP Baseball 16.8 Build 38